AoeStats
← ITA | MarknighT

Arabian Desert

509371977Analyzed
1v1 RM · 7d ago on Sep 26, 2026· 53m 2s· 2 players
Game mode
Random Map
Map size
Tiny (2 player)
Population
200
Speed
Normal
Resources
Standard
Victory
Conquest
Starting age
Dark Age
Ending age
Imperial Age
RankedLock teamsTeams togetherTeam positionsShared explorationLock speedFull tech treeHidden civsTurbo modeCheats
Victory
Defeat
🇳🇱 Wei · Netherlands
1976
+16
🇮🇹 Spanish · Italy
1972
-16
ITA | MarknighT
5:33 Loom
8:20 Feudal Age
9:11 Double-Bit Axe
15:04 Fletching
22:05 Castle Age
20:30 Horse Collar
22:49 Bloodlines
23:11 Bow Saw
23:28 Heavy Plow
34:39 Padded Archer Armor
36:25 Leather Archer Armor
41:33 Imperial Age
39:46 Wheelbarrow
39:15 Town Watch
40:11 Gold Mining
41:46 Elite Conquistador
43:24 Ring Archer Armor
43:36 Masonry
47:48 Light Cavalry
48:30 Husbandry
48:35 Scale Barding Armor
48:44 Forging
50:17 Chain Barding Armor
50:55 Hand Cart
52:38 Plate Barding Armor
[KD] Fabuled
6:57 Loom
9:42 Feudal Age
9:45 Man-at-Arms
10:42 Double-Bit Axe
14:09 Fletching
16:14 Wheelbarrow
22:48 Castle Age
21:42 Bloodlines
21:41 Scale Barding Armor
21:52 Gold Mining
22:46 Forging
23:53 Husbandry
24:11 Bow Saw
29:12 Bodkin Arrow
30:03 Padded Archer Armor
32:20 Ballistics
34:56 Leather Archer Armor
36:28 Thumb Ring
40:17 Imperial Age
39:48 Town Watch
41:40 Bracer
43:29 Chemistry
45:30 Masonry
46:53 Parthian Tactics
49:33 Hand Cart
53:05 Town Patrol
Connection lost

Rejoining the realm…

Still unreachable

The connection could not be restored.

Session expired

The server has moved on; the page needs a fresh start.